 Dungeon Crawl Stone Soup version 0.22-a0-322-g60b3cfd (webtiles) character file.

356 xccam the Bolt Thrower (level 6, -1/44 HPs)
             Began as a Gnoll Wanderer on Apr 4, 2018.
             Slain by Pikel
             ... wielding a +2 whip of electrocution
              (3 damage)
             ... on level 2 of the Dungeon.
             The game lasted 00:07:49 (4389 turns).

xccam the Bolt Thrower (Gnoll Wanderer)             Turns: 4389, Time: 00:07:50

Health: -1/44      AC: 13    Str: 15    XL:     6   Next: 63%
Magic:  14/14      EV:  5    Int: 13    God:
Gold:   122        SH:  0    Dex: 17    Spells: 15/15 levels left

rFire    . . .     SeeInvis .   q - +2 whip (freeze)
rCold    . . .     Gourm    .   (no shield)
rNeg     . . .     Faith    .   f - +0 plate armour
rPois    +         Spirit   .   (no helmet)
rElec    .         Reflect  .   (no cloak)
rCorr    .         Harm     .   (no gloves)
MR       +....                  l - +0 pair of boots
Stlth    ..........             (no amulet)
HPRegen  0.14/turn              i - ring of protection from magic
MPRegen  0.14/turn              p - ring of poison resistance

@: about to teleport
A: distributed training, fangs 1, strong nose
a: no special abilities


You were on level 2 of the Dungeon.
You were not hungry.

You visited 1 branch of the dungeon, and saw 4 of its levels.

You collected 122 gold pieces.

Inventory:

Hand Weapons
 b - a +0 hand crossbow
 e - a +0 short sword
 q - a +2 whip of freezing (weapon)
Missiles
 c - 21 bolts
Armour
 a - a +2 scale mail
 f - a +0 plate armour (worn)
 l - a +0 pair of boots (worn)
Jewellery
 i - a ring of protection from magic (left hand)
 p - a ring of poison resistance (right hand)
Scrolls
 d - a scroll of teleportation
 g - a scroll of identify
 k - 2 scrolls of remove curse
 m - a scroll of enchant weapon {unknown}
 n - a scroll of amnesia {unknown}
 o - a scroll of enchant armour {unknown}
Potions
 j - 3 potions of flight


   Skills:
 + Level 2.0 Fighting
 + Level 2.0 Short Blades
 + Level 2.0 Long Blades
 + Level 2.0 Axes
 + Level 2.0 Maces & Flails
 + Level 2.0 Polearms
 + Level 2.0 Staves
 + Level 2.0 Slings
 + Level 2.0 Bows
 + Level 6.8 Crossbows
 + Level 2.0 Throwing
 + Level 5.0 Armour
 + Level 2.0 Dodging
 + Level 3.1 Stealth
 + Level 3.3 Shields
 + Level 2.0 Unarmed Combat
 + Level 5.4 Spellcasting
 + Level 1.6 Conjurations
 + Level 1.6 Hexes
 + Level 1.6 Charms
 + Level 1.6 Summonings
 + Level 1.6 Necromancy
 + Level 1.6 Translocations
 + Level 2.6 Transmutations
 + Level 1.6 Fire Magic
 + Level 1.6 Ice Magic
 + Level 1.6 Air Magic
 + Level 1.6 Earth Magic
 + Level 1.6 Poison Magic
 + Level 2.2 Invocations
 + Level 2.0 Evocations


You had 15 spell levels left.
You didn't know any spells.

Dungeon Overview and Level Annotations

Branches:
Dungeon (4/15)
 Temple: D:4-7

Altars:
Kikubaaqudgha
Yredelemnul

Annotations:
D:2 Pikel
D:3 2 transporters, Menkaure


Innate Abilities, Weirdness & Mutations

Your experience applies equally to all skills.
You have very sharp teeth.
Your uncanny sense of smell can sniff out nearby items.


Message History

Pikel is moderately wounded.
Pikel completely misses you.
You barely miss Pikel.
Pikel is moderately wounded.
Pikel hits you but does no damage.
You hit Pikel. You freeze Pikel.
Pikel is moderately wounded.
Pikel hits you with a whip of electrocution.
* * * LOW HITPOINT WARNING * * *
You hit Pikel. You freeze Pikel.
Pikel is heavily wounded.
Pikel barely misses you.
You hit Pikel but do no damage. Your bite misses Pikel.
Pikel is heavily wounded.
Pikel hits you but does no damage.
You are electrocuted!
* * * LOW HITPOINT WARNING * * *
As you read the scroll of teleportation, it crumbles to dust.
You feel strangely unstable.
Pikel hits you with a whip of electrocution.
You die...

#.# ##...## #......# #.##
##.....## #.#.##.# #..##
##.<.....## #>#.##.#
######...####.........###......#
............'.........'........#
##.###...####.........####....##
#.#....## ##.......## ##.#.#
#.#.##.# ##.K...## ####.###
#......# ##@..## #.......
###.###### ##+## #....##. #.#
##.## #.# #..####. #.###.#.##
#.# #..# #. #.##.###.## ##.##
#..####. #...## ##.###...##
#.......
####.###.###.....#######.#####
##.#.####.............#
#.............########


You could see Pikel.

Vanquished Creatures
  4 slaves
  An ogre (D:4)
  A hound (D:4)
  3 orc wizards
  An iguana (D:3)
  A worker ant (D:3)
  A gnoll (D:1)
  4 adders
  An adder zombie (D:3)
  A dart slug (D:3)
  A leopard gecko (D:2)
  5 orcs
  4 giant cockroaches
  5 goblins
  2 hobgoblins
  3 jackals (D:2)
  A quokka (D:2)
  5 bats
  4 frilled lizards
  10 kobolds
  6 rats
64 creatures vanquished.

Notes
Turn   | Place    | Note
-------+----------+-------------------------------------------
     0 | D:1      | xccam the Gnoll Wanderer began the quest for the Orb.
     0 | D:1      | xccam set off with: a +2 scale mail, a +0 hand crossbow, 21 bolts, a scroll of teleportation, a ration
     0 | D:1      | Reached XP level 1. HP: 13/13 MP: 6/6
   251 | D:1      | Reached XP level 2. HP: 19/19 MP: 7/7
   728 | D:1      | Reached XP level 3. HP: 25/25 MP: 9/9
   943 | D:2      | Reached skill level 5 in Spellcasting
  1266 | D:2      | Reached skill level 1 in Invocations
  1380 | D:2      | Reached skill level 1 in Fighting
  1380 | D:2      | Reached skill level 1 in Short Blades
  1380 | D:2      | Reached skill level 1 in Long Blades
  1380 | D:2      | Reached skill level 1 in Axes
  1380 | D:2      | Reached skill level 1 in Maces & Flails
  1380 | D:2      | Reached skill level 1 in Polearms
  1380 | D:2      | Reached skill level 1 in Staves
  1380 | D:2      | Reached skill level 1 in Slings
  1380 | D:2      | Reached skill level 1 in Bows
  1380 | D:2      | Reached skill level 1 in Throwing
  1380 | D:2      | Reached skill level 1 in Dodging
  1380 | D:2      | Reached skill level 1 in Unarmed Combat
  1380 | D:2      | Reached skill level 1 in Evocations
  1380 | D:2      | Reached XP level 4. HP: 28/32 MP: 11/11
  2149 | D:3      | Found an ancient bone altar of Kikubaaqudgha.
  2152 | D:3      | Found a transporter.
  2163 | D:3      | Found a transporter.
  2177 | D:3      | Found a basalt altar of Yredelemnul.
  2181 | D:3      | Noticed Menkaure
  2364 | D:3      | Reached skill level 1 in Conjurations
  2364 | D:3      | Reached skill level 1 in Hexes
  2364 | D:3      | Reached skill level 1 in Charms
  2364 | D:3      | Reached skill level 1 in Summonings
  2364 | D:3      | Reached skill level 1 in Necromancy
  2364 | D:3      | Reached skill level 1 in Translocations
  2364 | D:3      | Reached skill level 1 in Fire Magic
  2364 | D:3      | Reached skill level 1 in Ice Magic
  2364 | D:3      | Reached skill level 1 in Air Magic
  2364 | D:3      | Reached skill level 1 in Earth Magic
  2364 | D:3      | Reached skill level 1 in Poison Magic
  2370 | D:3      | Reached XP level 5. HP: 22/37 MP: 12/12
  2723 | D:4      | Noticed a slave
  2737 | D:4      | Noticed a slave
  2738 | D:4      | Killed a slave
  2740 | D:4      | Noticed a slave
  2743 | D:4      | Noticed a slave
  2990 | D:3      | Killed a slave
  3100 | D:3      | Killed a slave
  3609 | D:4      | Reached XP level 6. HP: 37/44 MP: 13/13
  3711 | D:4      | Reached skill level 5 in Armour
  3778 | D:4      | Noticed Pikel
  4331 | D:3      | Killed a slave
  4388 | D:2      | HP: 2/44 [Pikel/whip of electrocution (12)]
  4389 | D:2      | Slain by Pikel

Vault maps used:
D:1:      dpeg_arrival_simpleton_c
D:2:      mumra_celtic_spiral_tile, serial_bayou_lake_a
D:3:      gammafunk_temple_of_torment
D:4:      kennysheep_mini, first_ration, minmay_misc_feat_five,
          uniq_crazy_yiuf_cottage, uniq_edmund, uniq_pikel

Skill      XL: |  1  2  3  4  5  6 |
---------------+-------------------+-----
Transmutations | 2 |  2.6
Spellcasting   | 5 |  5.4
Invocations    | 1 2 |  2.2
Fighting       | 1 2 |  2.0
Short Blades   | 1 2 |  2.0
Long Blades    | 1 2 |  2.0
Axes           | 1 2 |  2.0
Maces & Flails | 1 2 |  2.0
Polearms       | 1 2 |  2.0
Staves         | 1 2 |  2.0
Slings         | 1 2 |  2.0
Bows           | 1 2 |  2.0
Throwing       | 1 2 |  2.0
Dodging        | 1 2 |  2.0
Unarmed Combat | 1 2 |  2.0
Evocations     | 1 2 |  2.0
Conjurations   | 1 |  1.6
Hexes          | 1 |  1.6
Charms         | 1 |  1.6
Summonings     | 1 |  1.6
Necromancy     | 1 |  1.6
Translocations | 1 |  1.6
Fire Magic     | 1 |  1.6
Ice Magic      | 1 |  1.6
Air Magic      | 1 |  1.6
Earth Magic    | 1 |  1.6
Poison Magic   | 1 |  1.6
Shields        | 3 |  3.3
Armour         | 5 |  5.0
Stealth        | 3 |  3.1
Crossbows      | |  6.8

Action                   |  1- 3 |  4- 6 || total
-------------------------+-------+-------++-------
Melee: Short sword       |   157 |    60 ||   217
       Bite              |    14 |    25 ||    39
       Whip              |       |   171 ||   171
  Use: Scroll            |       |     5 ||     5
       Potion            |       |     1 ||     1
  Eat: Chunk             |     1 |     2 ||     3
       Ration            |       |     3 ||     3
Armor: Scale mail        |   110 |   110 ||   220
       Plate armour      |       |     6 ||     6
Dodge: Dodged            |    83 |   103 ||   186

Table legend:
 A = Spawn XP
 B = Non-spawn XP
 C = Spawn XP percentage of total XP
 D = Spawn monster count
 E = Non-spawn monster count
 F = Spawn count percentage of total count
 G = Total turns spent on level
                    A         B        C        D         E        F      G
               +---------+---------+-------+---------+---------+-------+---------
         Total |       0 |     509 |   0.0 |       0 |      60 |   0.0 |  4389
               +---------+---------+-------+---------+---------+-------+---------
           D:1 |       0 |      34 |   0.0 |       0 |      14 |   0.0 |   848
           D:2 |       0 |      68 |   0.0 |       0 |      20 |   0.0 |  1528
           D:3 |       0 |     155 |   0.0 |       0 |      18 |   0.0 |  1610
           D:4 |       0 |     252 |   0.0 |       0 |       8 |   0.0 |   403
               +---------+---------+-------+---------+---------+-------+---------
